 Dungeon Crawl Stone Soup version 0.18.1-48-g4cf74bf (webtiles) character file.

373 juanjsm the Archer (level 6, 0/51 HPs)
             Began as a Centaur Hunter on July 7, 2016.
             Shot with an arrow by a centaur (10 damage)
             ... on level 5 of the Dungeon.
             The game lasted 00:13:07 (3891 turns).

juanjsm the Archer (Centaur Hunter)                 Turns: 3891, Time: 00:13:07

Health: 0/51       AC:  3    Str: 15    XL:     6   Next: 43%
Magic:  8/8        EV: 10    Int: 10    God:
Gold:   145        SH:  0    Dex: 11    Spells: 0 memorised, 8 levels left

rFire  . . .     SeeInvis .     a - +1 shortbow
rCold  . . .     Gourm    .     c - +0 leather armour
rNeg   . . .     Faith    .     (shield currently unavailable)
rPois  .         Spirit   .     (no helmet)
rElec  .         Dismiss  .     t - -2 cloak (curse)
rCorr  .         Reflect  .     (no gloves)
SustAt .         Harm     .     (no barding)
MR     .....                    (no amulet)
Stlth  +.........               (no ring)
                                (no ring)

@: very quick, not resistant to hostile enchantments, very unstealthy
A: hooves 3, deformed body, speed 2, tough skin 3
a: no special abilities


You were on level 5 of the Dungeon.
You were not hungry.

You visited 1 branch of the dungeon, and saw 5 of its levels.

You collected 145 gold pieces.

Inventory:

Hand Weapons
 a - a +1 shortbow (weapon)
 i - a +1 short sword of venom
 q - a +1 dagger of protection
Missiles
 d - 92 arrows (quivered)
 A - 5 silver tomahawks
Armour
 c - a +0 leather armour (worn)
 t - a cursed -2 cloak (worn)
Wands
 u - a wand of disintegration (13/24)
 x - a wand of iceblast (3/15)
 y - a wand of enslavement (6/24)
Scrolls
 b - 2 scrolls of fog {unknown}
 e - 2 scrolls of enchant armour {unknown}
 h - a scroll of teleportation {unknown}
 j - 5 scrolls of identify {unknown}
 l - a scroll of enchant weapon {unknown}
 m - 2 scrolls of remove curse {unknown}
 o - a scroll of recharging {unknown}
 r - a scroll of noise {unknown}
 z - a scroll of amnesia {unknown}
Potions
 g - a potion of curing
 k - a potion of invisibility
 n - a potion of haste {unknown}
 p - 2 potions of mutation {unknown}
 s - a potion of cancellation {unknown}
 B - a potion of heal wounds {unknown}
Comestibles
 f - 6 bread rations
 v - 3 chunks of flesh
 w - a beef jerky


   Skills:
 + Level 3.2 Fighting
 * Level 8.0 Bows
 + Level 2.5 Dodging
 - Level 1.0 Stealth
 + Level 1.5 Spellcasting


You had 8 spell levels left.
You didn't know any spells.

Dungeon Overview and Level Annotations

Branches:
Dungeon (5/15)
 Temple: D:4-7

Altars:
Gozag
Nemelex Xobeh

Shops:
D:4 %


Innate Abilities, Weirdness & Mutations

You have hooves in place of feet.
Armour fits poorly on your strangely shaped body.
You cover ground very quickly.
You have extremely tough skin (AC +3).


Message History

The centaur shoots an arrow.
The arrow hits you!
* * * LOW HITPOINT WARNING * * *
Firing (i - inventory. (,) - cycle):
d - 95 arrows (quivered)
Press: ? - help, Shift-Dir - straight line, f/p - centaur
Aim: a centaur, wielding a shortbow (heavily wounded)
You shoot an arrow. The arrow closely misses the centaur.
Firing (i - inventory. (,) - cycle):
d - 94 arrows (quivered)
Press: ? - help, Shift-Dir - straight line, f/p - centaur
Aim: a centaur, wielding a shortbow (heavily wounded)
You shoot an arrow. The arrow hits the centaur.
The centaur is severely wounded.
The centaur shoots an arrow.
The arrow hits you but does no damage.
Firing (i - inventory. (,) - cycle):
d - 93 arrows (quivered)
Press: ? - help, Shift-Dir - straight line, f/p - centaur
Aim: a centaur, wielding a shortbow (severely wounded)
You shoot an arrow.
The arrow hits the centaur but does no damage.
The centaur is severely wounded.
The centaur shoots an arrow.
The arrow hits you!
You die...

##....# #....##
##..####
######.......
#........####
#........# #........#
.?##########........#
((c...?@(...........#
..##########........#
#........# ##########


You could see a centaur.

Vanquished Creatures
  A howler monkey (D:5)
  A centaur zombie (D:5)
  An orc priest (D:5)
  An iguana (D:4)
  4 worker ants
  A hound skeleton (D:4)
  5 adders
  A shadow imp (D:5)
  2 dart slugs
  A giant gecko (D:3)
  7 orcs
  7 giant cockroaches
  9 goblins
  8 hobgoblins
  4 jackals (D:5)
  4 quokkas
  A ball python (D:1)
  10 bats
  5 giant newts
  A jackal skeleton (D:4)
  4 kobolds
  5 rats
83 creatures vanquished.

Notes
Turn   | Place    | Note
--------------------------------------------------------------
     0 | D:1      | juanjsm the Centaur Hunter began the quest for the Orb.
     0 | D:1      | Reached XP level 1. HP: 17/17 MP: 1/1
   129 | D:1      | Reached XP level 2. HP: 14/24 MP: 2/2
   757 | D:2      | Reached skill level 1 in Stealth
   803 | D:2      | Reached XP level 3. HP: 28/29 MP: 3/3
   828 | D:2      | Reached skill level 6 in Bows
  1583 | D:3      | Reached XP level 4. HP: 6/37 MP: 4/4
  1938 | D:3      | Found an opulent altar of Gozag.
  2624 | D:4      | Reached XP level 5. HP: 41/42 MP: 4/6
  2636 | D:4      | Reached skill level 7 in Bows
  3254 | D:4      | Reached skill level 1 in Spellcasting
  3388 | D:4      | Found Ahowekky's Food Shop.
  3500 | D:4      | Found a sparkling altar of Nemelex Xobeh.
  3557 | D:4      | Noticed an ogre
  3570 | D:5      | Entered Level 5 of the Dungeon
  3585 | D:5      | Reached XP level 6. HP: 29/51 MP: 7/7
  3790 | D:5      | Reached skill level 8 in Bows
  3891 | D:5      | Shot with an arrow by a centaur

Skill      XL: |  1  2  3  4  5  6 |
---------------+-------------------+-----
Stealth        | 1 |  1.0
Bows           | 6 7 8 |  8.0
Dodging        | 2 |  2.5
Spellcasting   | 1 |  1.5
Fighting       | 3 |  3.2

Action                   |  1- 3 |  4- 6 || total
-------------------------+-------+-------++-------
Melee: Short sword       |   129 |   130 ||   259
       Kick              |    28 |    32 ||    60
 Fire: Shortbow          |     8 |    27 ||    35
  Use: Potion            |     2 |       ||     2
 Stab: Invisible         |       |     1 ||     1
  Eat: Chunk             |     1 |     3 ||     4
       Meat ration       |       |     1 ||     1
Armor: Leather armour    |    59 |    36 ||    95
Dodge: Dodged            |    82 |    57 ||   139
